 Dungeon Crawl Stone Soup version 0.27-a0-686-gaed091b46b (webtiles) character file.

Game seed: 1004183068204464167

6 jasper the Sneak (level 1, -1/18 HPs)
             Began as a Demonspawn Delver on Mar 21, 2021.
             Killed by nerve-wracking pain
             ... invoked by an orc priest
              (10 damage)
             ... on level 7 of the Dungeon.
             The game lasted 00:01:31 (273 turns).

jasper the Sneak (Demonspawn Delver)                 Turns: 273, Time: 00:01:32

Health: -1/18      AC:  3    Str: 12    XL:     1   Next: 75%
Magic:  0/0        EV: 11    Int: 13    God:
Gold:   4          SH:  0    Dex: 14    Spells: 0/0 levels left

rFire    . . .     SeeInvis .   e - +5 quarterstaff of Departure {antimagic, rElec Int+2}
rCold    . . .     Faith    .   (shield currently unavailable)
rNeg     . . .     Spirit   .   b - +0 leather armour
rPois    .         Reflect  .   (no helmet)
rElec    +         Harm     .   (no cloak)
rCorr    .         Rampage  .   (no gloves)
Will     .....                  (no boots)
Stlth    ++........             (no amulet)
HPRegen  0.06/turn              (no ring)
MPRegen  0.07/turn              (no ring)

@: hasted, very quick
A: no striking features
a: no special abilities


You were on level 7 of the Dungeon.
You visited 1 branch of the dungeon, and saw 3 of its levels.

You collected 4 gold pieces.

Inventory:

Hand Weapons
 a - a +0 hand axe
 e - the +5 quarterstaff of Departure (weapon) {antimagic, rElec Int+2}
   (You acquired it on level 7 of the Dungeon)

   It reduces the magical energy of the wielder, and disrupts the spells and
   magical abilities of those hit.
   Natural abilities and divine invocations are not affected.
   It affects your intelligence (+2).
   It insulates you from electricity.
Missiles
 h - 45 stones
 i - 7 poisoned darts (quivered)
Armour
 b - a +0 leather armour (worn)
Wands
 g - a wand of digging (3)
Scrolls
 c - a scroll of fog
 d - a scroll of magic mapping


   Skills:
 - Level 3.0 Fighting
 - Level 2.0 Axes
 + Level 1.0 Staves
 - Level 1.7 Dodging
 - Level 4.5 Stealth


You couldn't memorise any spells.
You didn't know any spells.
Your spell library was empty.

Dungeon Overview and Level Annotations

Branches:
Dungeon (5/15)             Temple (0/1) D:4

Altars:
Makhleb

Annotations:
D:5 Prince Ribbit


Message History

Found a staircase to the Ecumenical Temple.
You fall into a shaft and drop 3 floors!
The shaft crumbles and collapses.
Reactivating autopickup.
Found 10 gold pieces. 2 orcs and an orc priest come into view.
This is a scroll of acquirement!
Something appears at your feet!
The orc shouts!
The orc priest shouts!
The orc shouts!
e - the +5 quarterstaff of Departure {antimagic, rElec Int+2} The orc priest miscasts a cantrip.
The orc closely misses you.
You feel clever.
You feel magic leave you.
e - the +5 quarterstaff of Departure (weapon)
{antimagic, rElec Int+2} You now have 0/0 mp.
You barely miss the orc. The orc hits you with a +0 club.
The orc hits you but does no damage.
You take 3 damage, and have 15/18 hp.
You sock the orc!
You kill the orc!
The orc closely misses you.
You sock the orc!
You kill the orc!
Your Staves skill increases to level 1!
You hit the orc priest but do no damage.
The orc priest barely misses you.
You hit the orc priest but do no damage.
The orc priest barely misses you.
You barely miss the orc priest. The orc priest hits you.
You take 2 damage, and have 13/18 hp.
You hit the orc priest but do no damage.
You barely miss the orc priest. The orc priest hits you.
You take 4 damage, and have 9/18 hp.
MASSIVE DAMAGE!!
You hit the orc priest.
The orc priest is moderately wounded.
The orc priest calls down the wrath of Beogh upon you.
Pain shoots through your body!
Ouch! That really hurt!
You die...

#.#
#$#
#.#
#.#
#.#
#.#
#)#
#@#
#o#
#.#
#.#
#.#
#.#
#.#
..#


You could see an orc priest.

Vanquished Creatures
  3 orcs
3 creatures vanquished.

Notes
Turn   | Place    | Note
-------+----------+-------------------------------------------
     0 | D:5      | jasper the Demonspawn Delver began the quest for the Orb.
     0 | D:5      | Reached XP level 1. HP: 18/18 MP: 1/1
    79 | D:4      | Noticed a worker ant
    83 | D:5      | Noticed an orc wizard
   126 | D:5      | Noticed Prince Ribbit
   229 | D:4      | Noticed an orc wizard
   230 | D:4      | Found a burning altar of Makhleb.
   230 | D:4      | Noticed a lemure
   230 | D:4      | Noticed a lemure
   230 | D:4      | Noticed an orc wizard
   233 | D:4      | Noticed a worker ant
   259 | D:4      | Found a staircase to the Ecumenical Temple.
   261 | D:4      | You fall into a shaft and drop 3 floors!
   262 | D:7      | Noticed an orc priest
   262 | D:7      | Identified a scroll of acquirement
   262 | D:7      | Acquired the +5 quarterstaff of Departure {antimagic, rElec
                  | Int+2}
   268 | D:7      | Reached skill level 1 in Staves
   273 | D:7      | Killed from afar by an orc priest

Illustrated notes

Levels and vault maps discovered:
D:4:      layout_cave_pods, minmay_temple_entry_crystal_x, bloody_makhleb,
          uniq_pikel
D:5:      layout_loops_ring, lemuel_coloured_pillars_altar, chequers_big_river,
          minmay_misc_feat_roman, fedhas_bush_and_centaur_altar, uniq_sigmund,
          uniq_prince_ribbit1
D:7:      layout_basic, okawaru_humans, corexii_item_surrounded_by_moat

Skill      XL: |  1 |
---------------+----+-----
Axes           | 2 |  2.0
Staves         | 1 |  1.0
Fighting       | |  3.0
Dodging        | |  1.7
Stealth        | |  4.5

Action                   || total
-------------------------++-------
Melee: Quarterstaff      ||     9
Throw: Dart              ||    11
  Use: Scroll            ||     2
       Potion            ||     1
Armor: Leather armour    ||     1
Dodge: Dodged            ||    10

Table legend: (Time is in decaauts)
 A = Elapsed time spent in this place.
 B = Non-inter-level travel time spent in this place.
 C = Inter-level travel time spent in this place.
 D = Time resting spent in this place.
 E = Time spent auto-exploring this place.
 F = Levels seen in this place.
 G = Mean time per level.
                   A        B        C        D        E       F      G
               +--------+--------+--------+--------+--------+-----+--------+
         Total |    264 |    243 |     21 |     49 |     72 |   3 |   88.0 |
       Dungeon |    264 |    243 |     21 |     49 |     72 |   3 |   88.0 |
               +--------+--------+--------+--------+--------+-----+--------+

Top non-repeatable levels by time:
     D:5: 131 daAuts
     D:4: 123 daAuts
     D:7: 9 daAuts
